 Dungeon Crawl Stone Soup version 0.25.1-9-gc5326a611f (webtiles) character file.

Game seed: 10341670917874281770

8875 hawla the Cruncher (level 11, -4/82 HPs)
             Began as a Pale Draconian Conjurer on Dec 25, 2020.
             Was an Elder of Vehumet.
             Slain by a meliai zombie (5 damage)
             ... on level 11 of the Dungeon on Dec 26, 2020.
             The game lasted 00:47:20 (14896 turns).

hawla the Cruncher (Pale Draconian Conjurer)       Turns: 14896, Time: 00:47:21

Health: -4/82      AC: 10    Str: 10    XL:     11   Next: 15%
Magic:  1/24       EV: 13    Int: 20    God:    Vehumet [****..]
Gold:   343        SH:  0    Dex: 11    Spells: 3/28 levels left

rFire    + . .     SeeInvis .   a - staff of wizardry
rCold    . . .     Gourm    .   (no shield)
rNeg     + . .     Faith    .   (armour unavailable)
rPois    .         Spirit   .   (helmet restricted)
rElec    .         Reflect  .   p - +1 cloak
rCorr    .         Harm     .   (no gloves)
MR       .....                  M - +0 pair of boots
Stlth    ++........             E - amulet of regeneration
HPRegen  0.63/turn              H - ring of protection from fire
MPRegen  0.19/turn              L - ring of positive energy

@: mighty, brilliant, berserk cooldown, flying, slowed, very slow
A: breathe steam, unfitting armour, cold-blooded, AC +7
a: Breathe Steam, Renounce Religion


You were on level 11 of the Dungeon.
You worshipped Vehumet.
Vehumet was greatly pleased with you.
You were not hungry.

You visited 1 branch of the dungeon, and saw 11 of its levels.
You also visited: Sewer.

You collected 623 gold pieces.
You spent 280 gold pieces at shops.

Inventory:

Hand Weapons
 d - a +4 falchion of distortion
 j - a +1 quarterstaff
 q - a +4 scimitar of flaming
Missiles
 m - 2 javelins
 n - 6 silver javelins
 s - 15 poisoned darts (quivered)
 x - 3 boomerangs of dispersal
 I - 10 boomerangs
Armour
 p - a +1 cloak (worn)
 D - the -2 cloak of Indomitability {Regen+}
   (You found it on level 6 of the Dungeon)

   It increases your rate of regeneration.
 M - a +0 pair of boots (worn)
Magical Staves
 a - an uncursed staff of wizardry (weapon)
Jewellery
 t - an uncursed ring of wizardry
 E - an amulet of regeneration (around neck)
 H - a ring of protection from fire (left hand)
 K - an uncursed ring of positive energy
 L - a ring of positive energy (right hand)
Wands
 k - a wand of polymorph (6)
 B - a wand of flame (23)
 J - a wand of iceblast (12)
Scrolls
 c - a scroll of enchant armour
 f - 4 scrolls of remove curse
 l - a scroll of silence
 v - 2 scrolls of magic mapping
 y - 5 scrolls of enchant weapon
 z - a scroll of fog
 A - 5 scrolls of identify
 C - a scroll of summoning
Potions
 g - 3 potions of flight
 h - a potion of brilliance
 o - a potion of haste
 r - 3 potions of might
 u - 2 potions of magic {unknown}
Comestibles
 b - 19 rations
 i - 3 chunks of flesh


   Skills:
 - Level 3.0 Fighting
 - Level 12.0 Staves
 - Level 3.2 Dodging
 - Level 1.7 Stealth
 + Level 9.3 Spellcasting
 - Level 6.4 Conjurations
 - Level 0.1 Hexes
 - Level 2.4 Translocations
 - Level 1.1 Transmutations
 - Level 1.2 Fire Magic
 - Level 1.0 Poison Magic


You had 3 spell levels left.
You knew the following spells:

 Your Spells              Type           Power        Failure   Level  Hunger
a - Magic Dart            Conj           ####         1%          1    None
b - Searing Ray           Conj           ######       1%          2    None
c - Iskenderun's Mystic   Conj/Tloc      #####...     1%          4    None
d - Ignite Poison         Fire/Tmut/Pois ###.....     1%          3    None
e - Inner Flame           Hex/Fire       ###.....     2%          3    None
f - Mephitic Cloud        Conj/Pois/Air  ####....     1%          3    None
g - Blink                 Tloc           N/A          1%          2    None
h - Slow                  Hex            ###.....     4%          2    None
i - Yara's Violent Unrav  Hex/Tmut       ###.......   17%         5    None

Your spell library contained the following spells:

 Spells                   Type           Power        Failure   Level  Hunger
 Irradiate                Conj/Tmut      #####.....   5%          5    None
 Beastly Appendage        Tmut           ###...       1%          1    None
 Sting                    Tmut/Pois      ###.         1%          1    None
 Conjure Flame            Conj/Fire      #####...     1%          3    None
 Dazzling Flash           Conj/Hex       ####..       1%          3    None
 Sticks to Snakes         Tmut           ###.....     2%          2    None
 Poisonous Vapours        Pois/Air       ###...       3%          2    None
 Gell's Gravitas          Tloc           ####......   3%          3    None
 Call Imp                 Summ           ##......     4%          2    None
 Spider Form              Tmut/Pois      ###.......   6%          3    None
 Confusing Touch          Hex            ###.....     9%          3    None
 Fulminant Prism          Conj/Hex       ####......   2%          4    None
 Olgreb's Toxic Radiance  Pois           ###.....     5%          4    None
 Ice Form                 Ice/Tmut       ###.....     24%         4    None
 Petrify                  Tmut/Erth      ###.....     24%         4    None
 Blade Hands              Tmut           ###.......   45%         5    None
 Metabolic Englaciation   Hex/Ice        ##........   58%         5    None


Dungeon Overview and Level Annotations

Branches:
Dungeon (11/15)            Temple (0/1) D:6            Lair (0/6) D:10
  Sewer (visited)
    Orc: D:9-12

Altars:
Ashenzari
Fedhas
Hepliaklqana
Nemelex Xobeh
Ru
Uskayaw
Vehumet
Wu Jian
Yredelemnul
Zin

Shops:
D:5 :   D:6 [[(=

Annotations:
D:4 1 runed translucent door, 2bobheroes's ghost, amateur NaBe


Innate Abilities, Weirdness & Mutations

You can breathe blasts of scalding, opaque steam.
Your pale cyan-grey scales are hard. (AC +7)
You cannot fit into any form of body armour.
You are cold-blooded and may be slowed by cold attacks.


Message History

* * * LOW HITPOINT WARNING * * *
The meliai zombie closely misses you. The meliai zombie hits you.
* * * LOW HITPOINT WARNING * * *
The meliai zombie hits you!
* * * LOW HITPOINT WARNING * * *
The meliai zombie closely misses you.
The meliai zombie hits you but does no damage.
You hit the meliai zombie!
The meliai zombie is almost destroyed.
The meliai zombie hits you.
* * * LOW HITPOINT WARNING * * *
The meliai zombie hits you.
* * * LOW HITPOINT WARNING * * *
Unknown command.
As you read the scroll of fear, it crumbles to dust.
You assume a fearsome visage.
The meliai zombie is unaffected.
The meliai zombie hits you.
* * * LOW HITPOINT WARNING * * *
The meliai zombie hits you.
You die...

#...........
#.../......#
#!.........#
#.........)#
#..........#
#†..........
#.########..
#Z# # #@#
#.#
#.#########
#..........
#..........
#.#########
#.# #.# #.#


You could see a meliai zombie.

Vanquished Creatures
  Erica (D:11)
  An unseen horror (D:10)
  A troll (D:7)
  A queen bee (D:8)
  Grinder (D:3)
  A hippogriff (D:7)
  9 yaks
  Eustachio (D:5)
  Menkaure (D:7)
  4 porcupines (D:10)
  A water moccasin (D:9)
  2 orc warriors
  A sky beast (D:8)
  4 ice beasts
  A hornet zombie (D:9)
  3 phantoms
  A necrophage (D:8)
  An ogre (D:6)
  2 black bears (D:10)
  3 centaurs
  2 big kobolds
  7 bullfrogs
  A wyvern skeleton (D:9)
  4 scorpions
  13 killer bees
  3 wights (D:8)
  A howler monkey (D:4)
  5 crimson imps
  9 hounds
  6 orc priests
  3 jellies (D:10)
  5 orc wizards
  2 bullfrog skeletons
  2 centaur skeletons
  Jessica (D:2)
  Ijyb (D:3)
  Natasha (thrice) (D:2)
  2 iguanas
  5 worker ants
  A killer bee zombie (D:7)
  A howler monkey zombie (D:8)
  A worker ant zombie (D:9)
  Robin (D:2)
  3 gnolls (D:7)
  12 adders
  2 river rats
  2 shadow imps (D:10)
  6 oozes
  2 adder zombies
  4 worms
  A dart slug (D:3)
  7 leopard geckos
  30 orcs
  9 giant cockroaches
  17 goblins
  14 hobgoblins
  3 jackals (D:3)
  6 quokkas
  6 ball pythons
  4 bats
  10 frilled lizards
  21 kobolds
  A leopard gecko zombie (D:5)
  A quokka zombie (D:8)
  12 rats
  A spectral orc (D:2)
  A plant (D:10)
294 creatures vanquished.

Vanquished Creatures (collateral kills)
  A centaur (D:9)
1 creature vanquished.

Vanquished Creatures (others)
  8 fungi (D:10)
8 creatures vanquished.

Grand Total: 303 creatures vanquished

Notes
Turn   | Place    | Note
-------+----------+-------------------------------------------
     0 | D:1      | hawla the Draconian Conjurer began the quest for the Orb.
     0 | D:1      | Reached XP level 1. HP: 14/14 MP: 3/3
   358 | D:1      | Reached XP level 2. HP: 20/20 MP: 0/5
   362 | D:1      | Learned a level 2 spell: Searing Ray
  1188 | D:1      | Found a sparkling altar of Nemelex Xobeh.
  1348 | D:2      | Noticed Natasha
  1406 | D:2      | Reached XP level 3. HP: 26/26 MP: 4/7
  1412 | D:2      | Noticed Robin
  2124 | D:2      | Killed Robin
  2124 | D:2      | Reached XP level 4. HP: 27/33 MP: 3/8
  2350 | D:2      | Found a basalt altar of Yredelemnul.
  2407 | D:2      | Reached skill level 5 in Conjurations
  2474 | D:2      | Killed Natasha
  2638 | D:2      | Found a hide-covered altar of Uskayaw.
  2639 | D:2      | Found an ornate altar of the Wu Jian Council.
  2639 | D:2      | Found a shattered altar of Ashenzari.
  2643 | D:2      | Found a hazy altar of Hepliaklqana.
  2643 | D:2      | Found a radiant altar of Vehumet.
  2644 | D:2      | Found a blossoming altar of Fedhas.
  2659 | D:2      | Became a worshipper of Vehumet
  2700 | D:2      | Noticed Natasha
  2705 | D:2      | Killed Natasha
  2705 | D:2      | Reached XP level 5. HP: 38/38 MP: 4/10
  2800 | D:2      | Noticed Natasha
  2972 | D:2      | Found a glowing silver altar of Zin.
  3080 | D:2      | Noticed Jessica
  3083 | D:2      | Killed Jessica
  3628 | D:2      | Killed Natasha
  3690 | D:3      | Learned a level 4 spell: Iskenderun's Mystic Blast
  3755 | D:3      | Reached * piety under Vehumet
  3755 | D:3      | Offered knowledge of Foxfire by Vehumet.
  3963 | D:3      | Noticed Ijyb
  3969 | D:3      | Killed Ijyb
  3969 | D:3      | Reached XP level 6. HP: 45/45 MP: 5/12
  4140 | D:3      | Noticed Grinder
  4140 | D:3      | Paralysed by Grinder for 6 turns
  4154 | D:3      | Killed Grinder
  4784 | D:4      | Your scales start taking on a pale cyan-grey colour.
  4784 | D:4      | Reached XP level 7. HP: 48/50 MP: 7/14
  4834 | D:4      | Found a runed translucent door.
  4835 | D:4      | Noticed 2bobheroes's ghost (amateur NaBe)
  5232 | D:4      | Reached skill level 5 in Spellcasting
  5237 | D:4      | Reached skill level 1 in Staves
  5241 | D:4      | Found a glowing drain.
  5252 | Sewer    | Entered a sewer
  5340 | Sewer    | Reached ** piety under Vehumet
  5340 | Sewer    | Offered knowledge of Sandblast by Vehumet.
  6142 | D:4      | Reached skill level 2 in Staves
  6270 | D:5      | Entered Level 5 of the Dungeon
  6284 | D:4      | Offered knowledge of Ignite Poison by Vehumet.
  6374 | D:4      | Learned a level 3 spell: Ignite Poison
  6940 | D:5      | Reached *** piety under Vehumet
  6940 | D:5      | Reached skill level 3 in Staves
  6940 | D:5      | Reached skill level 1 in Fire Magic
  7076 | D:5      | Reached XP level 8. HP: 57/57 MP: 14/16
  7165 | D:5      | Reached skill level 1 in Transmutations
  7165 | D:5      | Reached skill level 1 in Poison Magic
  7364 | D:5      | Noticed Eustachio
  7375 | D:5      | Killed Eustachio
  7375 | D:5      | Reached skill level 4 in Staves
  7733 | D:5      | Found Aqiesh's Book Shoppe.
  7928 | D:6      | Found Zaimmow's Weapon Emporium.
  8019 | D:6      | Found Exustif's Armour Boutique.
  8050 | D:6      | Found a staircase to the Ecumenical Temple.
  8074 | D:6      | Found Jyxt's Armour Shoppe.
  8226 | D:6      | Found Zoczak's Jewellery Shop.
  8259 | D:6      | Reached skill level 5 in Staves
  8272 | D:6      | Got a translucent cloak
  8283 | D:6      | Identified the cursed -2 cloak of Indomitability {Regen+}
                  | (You found it on level 6 of the Dungeon)
  8526 | D:6      | Offered knowledge of Inner Flame by Vehumet.
  8534 | D:6      | Learned a level 3 spell: Inner Flame
  8621 | D:5      | Bought a book of Minor Magic for 280 gold pieces
  8873 | D:7      | Noticed a troll
  8878 | D:7      | Learned a level 3 spell: Mephitic Cloud
  8880 | D:7      | Killed a troll
  8880 | D:7      | Reached XP level 9. HP: 45/62 MP: 13/20
  8946 | D:7      | Reached skill level 6 in Staves
  9082 | D:7      | Noticed Menkaure
  9096 | D:7      | Killed Menkaure
  9268 | D:7      | Found a sacrificial altar of Ru.
  9655 | D:7      | Reached skill level 7 in Staves
  9962 | D:8      | Reached **** piety under Vehumet
 10090 | D:8      | Offered knowledge of Lee's Rapid Deconstruction by Vehumet.
 10276 | D:8      | Reached skill level 8 in Staves
 10551 | D:8      | Reached skill level 9 in Staves
 10560 | D:8      | Noticed a queen bee
 10610 | D:8      | Killed a queen bee
 11070 | D:8      | Reached XP level 10. HP: 69/69 MP: 16/22
 11209 | D:8      | Reached skill level 10 in Staves
 12226 | D:9      | Reached skill level 11 in Staves
 12872 | D:10     | Entered Level 10 of the Dungeon
 13125 | D:10     | Learned a level 2 spell: Blink
 13128 | D:10     | Learned a level 2 spell: Slow
 13134 | D:10     | Learned a level 5 spell: Yara's Violent Unravelling
 13152 | D:10     | Reached skill level 12 in Staves
 13204 | D:10     | Killed an unseen horror
 13204 | D:10     | Reached skill level 1 in Fighting
 13298 | D:10     | Found a staircase to the Lair.
 13897 | D:10     | Reached ***** piety under Vehumet
 13897 | D:10     | Offered knowledge of Irradiate by Vehumet.
 14251 | D:10     | Reached XP level 11. HP: 72/82 MP: 20/23
 14824 | D:11     | Noticed Erica
 14870 | D:11     | Killed Erica
 14895 | D:11     | HP: 1/82 [meliai zombie (6)]
 14896 | D:11     | Slain by a meliai zombie

Illustrated notes

Levels and vault maps discovered:
D:1:      matt_arrival_spirals, layout_basic, minivault_23,
          nemelex_diamond_rough_becter
D:2:      layout_basic, yredelemnul_forgotten_temple_becter, zin_academy,
          grunt_temple_overflow_open, uniq_robin, uniq_jessica, uniq_natasha
D:3:      layout_rooms, first_ration, chequers_serial_rivers_room_b, uniq_ijyb,
          uniq_grinder
D:4:      corexii_shack_village, layout_basic, gammafunk_ghost_grave,
          portal_sewer_entry_a
D:5:      layout_loops_ring, serial_shops, kennysheep_mini_moat, uniq_eustachio
D:6:      layout_rooms, minmay_temple_entry_water_ring, serial_shops, shop,
          shop, shop, nicolae_shop_behind_doors
D:7:      layout_gridville, nicolae_overflow_crystal_walls, serial_rivers,
          chequers_serial_rivers_small_3, chequers_serial_rivers_small_3,
          chequers_serial_rivers_micro_c, chequers_serial_rivers_small_a,
          chequers_serial_rivers_room_a, uniq_menkaure
D:8:      layout_loops_corners, david_nohive_1
D:9:      layout_irregular_city
D:10:     layout_stronghold, due_lair_maze_entry_diamond
D:11:     layout_long_grid, david_orc_1_choice, hangedman_decor_lopped,
          minmay_misc_feat_four_crosses, lightli_fourway_metalbox, uniq_erica,
          uniq_maurice

Skill      XL: |  1  2  3  4  5  6  7  8  9 10 11 |
---------------+----------------------------------+-----
Spellcasting   | 3 4 5 7 8 9 |  9.3
Conjurations   | 5 6 |  6.4
Translocations | 2 |  2.4
Staves         | 3 5 9 12 | 12.0
Fire Magic     | 1 |  1.2
Transmutations | 1 |  1.1
Poison Magic   | 1 |  1.0
Fighting       | 3 |  3.0
Dodging        | 3 |  3.2
Stealth        | |  1.7
Hexes          | |  0.1

Action                   |  1- 3 |  4- 6 |  7- 9 | 10-12 || total
-------------------------+-------+-------+-------+-------++-------
Melee: Unarmed           |    23 |    21 |       |       ||    44
       Tailslap          |     1 |     3 |     2 |     3 ||     9
       Staff             |       |       |    17 |    29 ||    46
Throw: Dart              |       |       |     1 |       ||     1
 Cast: Magic Dart        |    48 |    67 |   114 |    66 ||   295
       Searing Ray       |    14 |    31 |    97 |    71 ||   213
       Iskenderun's Myst |       |       |    15 |    23 ||    38
       Mephitic Cloud    |       |       |     5 |       ||     5
       Ignite Poison     |       |       |     5 |       ||     5
       Slow              |       |       |       |     1 ||     1
       Inner Flame       |       |       |       |     1 ||     1
  Use: Potion            |     3 |       |     2 |    10 ||    15
       Scroll            |       |       |     6 |    10 ||    16
 Stab: Sleeping          |       |       |       |     1 ||     1
  Eat: Chunk             |     4 |    10 |    18 |    14 ||    46
       Ration            |       |       |     1 |       ||     1
Armor: Skin              |    10 |    15 |    46 |    55 ||   126
Dodge: Dodged            |    31 |    22 |    97 |    65 ||   215
